 Dungeon Crawl Stone Soup version 0.23-a0-296-ga3b1b28 (webtiles) character file.

18 mhoghedin the Slasher (level 2, 18/18 HPs)
             Began as a Tengu Wanderer on Oct 5, 2018.
             Quit the game on level 1 of the Dungeon.
             The game lasted 00:00:49 (512 turns).

mhoghedin the Slasher (Tengu Wanderer)               Turns: 512, Time: 00:00:50

Health: 18/18      AC:  3    Str: 10    XL:     2   Next: 66%
Magic:  3/3        EV: 12    Int: 12    God:
Gold:   18         SH:  0    Dex: 15    Spells: 1/1 levels left

rFire    . . .     SeeInvis .   d - +0 falchion
rCold    . . .     Gourm    .   (no shield)
rNeg     . . .     Faith    .   a - +0 leather armour
rPois    .         Spirit   .   (helmet restricted)
rElec    .         Reflect  .   (no cloak)
rCorr    .         Harm     .   (no gloves)
MR       .....                  (boots unavailable)
Stlth    ++........             (no amulet)
HPRegen  0.06/turn              (no ring)
MPRegen  0.08/turn              (no ring)

@: no status effects
A: beak, talons 3
a: no special abilities


You were on level 1 of the Dungeon.
You were not hungry.

You visited 1 branch of the dungeon, and saw 1 of its levels.

You collected 18 gold pieces.

Inventory:

Hand Weapons
 d - a +0 falchion (weapon)
 e - a +0 dagger
Missiles
 b - 3 throwing nets (quivered) {=f, !d}
Armour
 a - a +0 leather armour (worn)
Scrolls
 g - 2 scrolls of immolation {unknown}
 h - 2 scrolls of identify {unknown}
 i - a scroll of fear {unknown}
Potions
 c - a potion of lignification {!q}
 j - a potion of mutation {unknown}
Comestibles
 f - 2 rations


   Skills:
 + Level 2.4 Fighting
 + Level 3.6 Long Blades
 - Level 1.0 Throwing
 + Level 1.8 Dodging
 - Level 2.0 Stealth
   Level 1.0 Shields


You had one spell level left.
You didn't know any spells.
Your spell library was empty.

Dungeon Overview and Level Annotations

Branches:
Dungeon (1/15)

Altars:


Innate Abilities, Weirdness & Mutations

You have a beak for a mouth.
You have claws for feet.


Message History

You throw a throwing net {=f, !d}.
The throwing net {=f, !d} barely misses the frilled lizard.
The jackal misses you.
You riposte.
You hit the jackal.
You kill the jackal!
You have reached level 2!
MP restored: 3 You hit the kobold but do no damage.
The kobold hits you but does no damage.
You closely miss the kobold.
The frilled lizard bites you but does no damage.
The kobold closely misses you.
You hit the kobold.
You kill the kobold!
The frilled lizard misses you. The frilled lizard barely misses you.
You hit the frilled lizard.
You kill the frilled lizard!
You start resting.
g - 2 scrolls labeled IDIMNU JARYDIO Health restored: 17
Things that are here:
a kobold skeleton; a jackal skeleton You now have 6 gold pieces.
Things that are here:
a kobold skeleton; a jackal skeleton
b - 3 throwing nets {=f, !d} (gained 1)
h - a scroll labeled MELIMA TOPHIBB No target in view!
You open the door.
A dart slug comes into view.
A dart slug is nearby!
A dart slug is nearby!
There is an open door here.
The dart slug barely misses you.
You riposte.
You hit the dart slug. You peck the dart slug.
You kill the dart slug!
No target in view!
As you open the door, it creaks loudly!
You hear a shout!
A goblin comes into view.
A goblin is nearby!
You barely miss the goblin. The goblin hits you but does no damage.
You miss the goblin. The goblin hits you.
You take 3 damage, and have 14/17 hp.
A goblin is nearby!
You closely miss the goblin. You claw the goblin.
You kill the goblin!
No target in view!
You see here a goblin corpse.
You now have 15 gold pieces (gained 9).
You now have 18 gold pieces (gained 3).
Found a stone staircase leading down.
There is a stone staircase leading down here.
You open the door.
There is an open door here.
A hobgoblin comes into view. It is wielding a club.
The hobgoblin shouts!
A hobgoblin is nearby!
Unknown command.
You hit the hobgoblin but do no damage. You claw the hobgoblin.
You kill the hobgoblin!
No target in view!
You start resting.
Health restored: 18
i - a scroll labeled ODEYNI VOLAUKK A dart slug comes into view.
A dart slug is nearby!
You hit the dart slug. You claw the dart slug. The dart slug barely misses you.
You hit the dart slug.
You kill the dart slug!
A bat comes into view.
The bat hits you.
You take 1 damage, and have 17/18 hp.
The bat hits you.
You take 1 damage, and have 16/18 hp.
You barely miss the bat. Your kick misses the bat. Your peck misses the bat.
The bat hits you but does no damage.
No target in view!
The bat hits you but does no damage.
A bat is nearby!
You barely miss the bat. The bat completely misses you.
You riposte.
You miss the bat. You hit the bat.
You kill the bat!
No target in view!
As you open the door, it creaks loudly!
There is an open door here.
h - 2 scrolls labeled MELIMA TOPHIBB (gained 1)
j - a glowing pink potion Health restored: 18 As you open the door, it creaks loudly!
There is an open door here.
There is an open door here.
A bat comes into view.
No target in view!
No target in view!
The bat is too close now for your liking.
The bat closely misses you.
You hit the bat. You claw the bat, but do no damage.
The bat hits you but does no damage.
You barely miss the bat. You claw the bat.
You kill the bat!
No target in view!

##....##.#..#####
#....##.#......#
#########'####.#.####.#
#.........####.#.# #.#
#.........'....#.# #.#
#.........######.####.#
#.........# #......#
#.........# ########
#........@#
#................
########.........
#......... #.........
#......... #.........
#.........


There were no monsters in sight!

Vanquished Creatures
  3 dart slugs (D:1)
  A goblin (D:1)
  2 hobgoblins (D:1)
  2 jackals (D:1)
  2 bats (D:1)
  A frilled lizard (D:1)
  A kobold (D:1)
12 creatures vanquished.

Notes
Turn   | Place    | Note
-------+----------+-------------------------------------------
     0 | D:1      | mhoghedin the Tengu Wanderer began the quest for the Orb.
     0 | D:1      | mhoghedin set off with: a +0 leather armour, 3 throwing
                  | nets {=f, !d}, a potion of lignification {!q}, a +0
                  | falchion, a +0 dagger, a ration
     0 | D:1      | Reached XP level 1. HP: 12/12 MP: 2/2
    48 | D:1      | HP: 3/12 [jackal (2)]
    54 | D:1      | Reached XP level 2. HP: 5/17 MP: 3/3
   512 | D:1      | Quit the game

Vault maps used:
D:1:      minmay_arrival_glassed_features

Action                   || total
-------------------------++-------
Melee: Falchion          ||    23
       Peck              ||     5
       Kick              ||     6
Throw: Throwing net      ||     1
Armor: Leather armour    ||     9
Dodge: Dodged            ||    19
       Rpst.: Falchion   ||     8

Table legend:
 A = Non-vault XP
 B = Vault XP
 C = Vault XP percentage of total XP
 D = Non-vault monster count
 E = Vault monster count
 F = Vault count percentage of total count
                 A         B        C        D         E       F
            +---------+---------+-------+---------+---------+-------
      Total |      26 |       0 |   0.0 |      12 |       0 |   0.0
            +---------+---------+-------+---------+---------+-------
        D:1 |      26 |       0 |   0.0 |      12 |       0 |   0.0
            +---------+---------+-------+---------+---------+-------

Vault maps used:
D:1:      minmay_arrival_glassed_features

Table legend:
 A = Turns spent in this place as a percentage of turns spent in the entire game.
 B = Non-inter-level travel turns spent in this place as a percentage of non-inter-level travel turns spent in the entire game.
 C = Inter-level travel turns spent in this place as a percentage of turns spent in this place.
 D = Turns resting spent in this place as a percentage of non-inter-level travel turns spent in this place.
 E = Turns spent auto-exploring this place as a percentage of non-inter-level travel turns spent in this place.
 F = Non-inter-level travel turns spent in this place divided by the number of levels of this place that you've seen.
                   A       B       C       D       E      F
               +-------+-------+-------+-------+-------+----------------------
         Total | 100.0 | 100.0 |   0.0 |  42.0 |  42.6 | 512.0
       Dungeon | 100.0 | 100.0 |   0.0 |  42.0 |  42.6 | 512.0
               +-------+-------+-------+-------+-------+----------------------

Table legend:
 A = Kills in this place as a percentage of kills in entire the game.
 B = Kills by you in this place as a percentage of kills by you in the entire game.
 C = Kills by friends in this place as a percentage of kills by friends in the entire game.
 D = Other kills in this place as a percentage of other kills in the entire game.
 E = Experience gained in this place as a percentage of experience gained in the entire game.
 F = Experience gained in this place divided by the number of levels of this place that you have seen.
                   A       B       C       D       E      F
               +-------+-------+-------+-------+-------+----------------------
         Total | 100.0 | 100.0 |   N/A |   N/A | 100.0 |  26.0
       Dungeon | 100.0 | 100.0 |   N/A |   N/A | 100.0 |  26.0
               +-------+-------+-------+-------+-------+----------------------
